 Dungeon Crawl Stone Soup version 0.30-a0-322-g102857c98e (webtiles) character file.

Game seed: 14989930982082998890

16 NinjaNoafa the Cutter (level 2, 0/23 (24) HPs)
             Began as a Merfolk Monk on Oct 27, 2022.
             Slain by a goblin
             ... wielding a +0 dagger of draining
              (1 damage)
             ... on level 2 of the Dungeon.
             The game lasted 00:00:41 (789 turns).

NinjaNoafa the Cutter (Merfolk Monk)                 Turns: 789, Time: 00:00:42

HP:   0/23 (24)     AC:  2    Str: 11    XL:     2   Next: 54%
MP:   2/2           EV: 13    Int:  9    God:
Gold: 64            SH:  0    Dex: 16    Spells: 1/1 levels left

rFire   . . .      SeeInvis .    a - +0 short sword
rCold   . . .      Faith    .    (no shield)
rNeg    . . .      Spirit   .    b - +0 robe
rPois   .          Reflect  .    (no helmet)
rElec   .          Harm     .    (no cloak)
rCorr   .          Rampage  .    (no gloves)
Will    .....                    (no boots)
Stlth   ++........               (no amulet)
HPRegen 0.23/turn                (no ring)
MPRegen 0.08/turn                (no ring)

@: lightly drained
A: (nimble swimmer 2), mertail
a: no special abilities


You were on level 2 of the Dungeon.
You visited 1 branch of the dungeon, and saw 2 of its levels.

You collected 64 gold pieces.

Inventory:

Hand Weapons
 a - a +0 short sword (weapon)
Missiles
 c - 2 poisoned darts (quivered)
 d - 17 stones
Armour
 b - a +0 robe (worn)
Scrolls
 e - a scroll of immolation {unknown}
 h - 2 scrolls of fear {unknown}
 i - a scroll of teleportation {unknown}
 j - a scroll of vulnerability {unknown}
 l - a scroll of amnesia {unknown}
 m - a scroll of brand weapon {unknown}
Potions
 f - 2 potions of mutation {unknown}
 g - a potion of berserk rage {unknown}
 k - a potion of attraction {unknown}
 n - a potion of cancellation {unknown}


   Skills:
 - Level 3.2 Fighting
 + Level 4.6 Short Blades
 - Level 4.0 Dodging
 - Level 2.1 Stealth


You had one spell level left.
You didn't know any spells.
Your spell library was empty.

Dungeon Overview and Level Annotations

Branches:
Dungeon (2/15)

Altars:


Innate Abilities, Weirdness & Mutations

((You are very nimble when in or above water. (Stealth+, EV+, Speed+++)))
Your lower body shifts to a powerful aquatic tail in water.


Message History

The jackal bites you but does no damage.
The jackal bites you.
You hit the jackal.
You kill the jackal!
The jackal bites you.
The jackal bites you but does no damage.
The jackal attacks as you move away! The jackal bites you.
You see here a jackal corpse.
You closely miss the jackal. The jackal bites you.
* * * LOW HITPOINT WARNING * * *
The jackal closely misses you.
A goblin comes into view. It is wielding a +0 dagger of draining.
The jackal closely misses you.
You hit the jackal but do no damage. The jackal closely misses you.
The jackal bites you but does no damage.
The jackal closely misses you.
You hit the jackal.
The jackal is severely wounded.
The jackal closely misses you.
You hit the jackal.
You kill the jackal!
The jackal bites you.
* * * LOW HITPOINT WARNING * * *
An endoplasm comes into view.
The jackal bites you.
* * * LOW HITPOINT WARNING * * *
You see here a jackal corpse.
The endoplasm quivers.
You hit the jackal but do no damage. The jackal bites you.
* * * LOW HITPOINT WARNING * * *
You completely miss the jackal. The jackal misses you.
You barely miss the jackal. You punch the jackal.
The jackal is severely wounded.
The jackal closely misses you.
You hit the jackal.
You kill the jackal!
The goblin hits you with a +0 dagger of draining.
* * * LOW HITPOINT WARNING * * *
You feel drained.
You die...

#.......#.#........#
#...................
#.......##.#.##....#
#.......##.#.##....#
###.#.#.............
.###.#......?..#...##
?... #.#.>.....# #.#
≈....#.#.......# ..
≈......@†..J...#
≈......g..........
≈.........###......
........#.# ...(..
........#.# ......
........#.# ...#..
........... ..
...........
##.####.....


You could see an endoplasm and a goblin.

Vanquished Creatures
  A dart slug (D:1)
  2 giant cockroaches (D:1)
  A goblin (D:1)
  A hobgoblin (D:1)
  5 jackals
  A quokka (D:1)
  A rat (D:1)
12 creatures vanquished.

Notes
Turn   | Place    | Note
-------+----------+-------------------------------------------
     0 | D:1      | NinjaNoafa the Merfolk Monk began the quest for the Orb.
     0 | D:1      | Reached XP level 1. HP: 18/18 MP: 1/1
   245 | D:1      | Reached XP level 2. HP: 22/24 MP: 2/2
   789 | D:2      | HP: 1/24 [goblin/+0 dagger of draining (2)]
   789 | D:2      | Slain by a goblin

Illustrated notes

Levels and vault maps discovered:
D:1:      dpeg_arrival_simpleton_a, layout_loops_ring
D:2:      layout_basic, basic_altar, chequers_serial_rivers_micro_d

Skill      XL: |  1 |
---------------+----+-----
Short Blades   | 4 |  4.6
Fighting       | |  3.2
Dodging        | |  4.0
Stealth        | |  2.1

Action                   || total
-------------------------++-------
Melee: Short sword       ||    60
       Punch             ||     1
Throw: Dart              ||     2
  Use: Potion            ||     1
 Stab: Distracted        ||     1
       Sleeping          ||     2
Armor: Robe              ||    17
Dodge: Dodged            ||    50

Table legend: (Time is in decaauts)
 A = Elapsed time spent in this place.
 B = Non-inter-level travel time spent in this place.
 C = Inter-level travel time spent in this place.
 D = Time resting spent in this place.
 E = Time spent auto-exploring this place.
 F = Levels seen in this place.
 G = Mean time per level.
                   A        B        C        D        E       F      G
               +--------+--------+--------+--------+--------+-----+--------+
         Total |    776 |    767 |      9 |      0 |    654 |   2 |  388.0 |
       Dungeon |    776 |    767 |      9 |      0 |    654 |   2 |  388.0 |
               +--------+--------+--------+--------+--------+-----+--------+

Top non-repeatable levels by time:
     D:1: 744 daAuts
     D:2: 32 daAuts
